 Dungeon Crawl Stone Soup version 0.21-a0-442-g848f44b (webtiles) character file.

87 KristoblXynda the Shield-Bearer (level 4, -3/38 HPs)
             Began as a Draconian Fighter on Nov 12, 2017.
             Slain by a worm (8 damage)
             ... on level 3 of the Dungeon.
             The game lasted 00:04:12 (1971 turns).

KristoblXynda the Shield-Bearer (Draconian Fighter) Turns: 1971, Time: 00:04:13

Health: -3/38      AC:  6    Str: 19    XL:     4   Next: 28%
Magic:  4/4        EV: 11    Int:  8    God:
Gold:   90         SH:  9    Dex: 11    Spells: 3/3 levels left

rFire    . . .     SeeInvis +   a - +0 long sword
rCold    . . .     Gourm    .   b - +0 shield
rNeg     . . .     Faith    .   (armour unavailable)
rPois    .         Spirit   .   (helmet restricted)
rElec    .         Reflect  .   (no cloak)
rCorr    +         Harm     .   n - +0 pair of gloves
MR       .....                  (no boots)
Stlth    +.........             (no amulet)
HPRegen  0.12/turn              p - ring of see invisible
MPRegen  0.09/turn              f - ring of resist corrosion

@: no status effects
A: unfitting armour, cold-blooded, AC +5
a: no special abilities


You were on level 3 of the Dungeon.
You were not hungry.

You visited 1 branch of the dungeon, and saw 3 of its levels.

You collected 90 gold pieces.

Inventory:

Hand Weapons
 a - a +0 long sword (weapon)
Armour
 b - a +0 shield (worn)
 n - a +0 pair of gloves (worn)
Jewellery
 f - a ring of resist corrosion (right hand)
 p - a ring of see invisible (left hand)
Scrolls
 e - a scroll of fear {unknown}
 k - a scroll of fog
 m - a scroll of amnesia {unknown}
 o - 2 scrolls of identify {unknown}
Potions
 c - a potion of might
 g - a potion of mutation {unknown}
 j - a potion of agility {unknown}
 l - a potion of curing {unknown}
Comestibles
 d - 3 bread rations
 h - a meat ration
 i - 2 royal jellies


   Skills:
 - Level 3.2 Fighting
 * Level 3.5 Long Blades
 + Level 3.3 Dodging
 + Level 3.6 Shields


You had 3 spell levels left.
You didn't know any spells.

Dungeon Overview and Level Annotations

Branches:
Dungeon (3/15)

Altars:


Innate Abilities, Weirdness & Mutations

Your plain brown scales are hard. (AC +5)
You cannot fit into any form of body armour.
You are cold-blooded and may be slowed by cold attacks.


Message History

You barely miss the worm.
You tail-slap the worm, but do no damage.
The worm is severely wounded.
The worm misses you.
Your shield prevents you from hitting the worm.
The worm is severely wounded.
You hit the worm.
You kill the worm!
The worm bites you!
You hit the worm.
The worm is lightly wounded.
The worm barely misses you.
You barely miss the worm. The worm bites you!
* * * LOW HITPOINT WARNING * * *
You hit the worm.
The worm is moderately wounded.
You hit the worm.
The worm is heavily wounded.
The worm bites you!
You die...

............?.#
...$.............#
.................#
..........(...[..#
.................#
.................#
..................
.......w..<.......
.......@.>.....?..
..................
##################


You could see a worm.

Vanquished Creatures
  4 adders (D:2)
  3 worms
  A giant cockroach (D:2)
  2 goblins (D:1)
  10 hobgoblins
  6 kobolds
  A quokka (D:2)
  A ball python (D:1)
  6 bats
  3 frilled lizards
  5 rats
42 creatures vanquished.

Notes
Turn   | Place    | Note
-------+----------+-------------------------------------------
     0 | D:1      | KristoblXynda the Draconian Fighter began the quest for the Orb.
     0 | D:1      | Reached XP level 1. HP: 19/19 MP: 1/1
   312 | D:1      | Reached XP level 2. HP: 17/26 MP: 2/2
  1104 | D:2      | Reached XP level 3. HP: 30/31 MP: 3/3
  1632 | D:2      | Reached XP level 4. HP: 23/38 MP: 4/4
  1971 | D:3      | Slain by a worm

Vault maps used:
D:1:      evilmike_arrival_sounds_zot, serial_bayou_lake_a
D:2:      minmay_diamond_boxcup
D:3:      grunt_temple_overflow_open, first_bread, uniq_grinder, uniq_natasha

Skill      XL: |  1  2  3 |
---------------+----------+-----
Dodging        | 3 |  3.3
Long Blades    | 3 |  3.5
Fighting       | |  3.2
Shields        | |  3.6

Action                   |  1- 3 |  4- 6 || total
-------------------------+-------+-------++-------
Melee: Long sword        |   117 |    24 ||   141
       Tailslap          |    19 |     4 ||    23
  Use: Scroll            |     1 |       ||     1
  Eat: Meat ration       |     1 |       ||     1
Armor: Skin              |    46 |     2 ||    48
Dodge: Dodged            |    63 |    10 ||    73
Block: Shield            |    75 |     9 ||    84
       Rpst.: Long sword |    18 |     1 ||    19

Table legend:
 A = Spawn XP
 B = Non-spawn XP
 C = Spawn XP percentage of total XP
 D = Spawn monster count
 E = Non-spawn monster count
 F = Spawn count percentage of total count
 G = Total turns spent on level
                    A         B        C        D         E        F      G
               +---------+---------+-------+---------+---------+-------+---------
         Total |       0 |     125 |   0.0 |       0 |      42 |   0.0 |  1971
               +---------+---------+-------+---------+---------+-------+---------
           D:1 |       0 |      30 |   0.0 |       0 |      19 |   0.0 |  1004
           D:2 |       0 |      90 |   0.0 |       0 |      22 |   0.0 |   953
           D:3 |       0 |       5 |   0.0 |       0 |       1 |   0.0 |    14
               +---------+---------+-------+---------+---------+-------+---------
